 Dungeon Crawl Stone Soup version 0.27.0-1-g7a089689b8 (webtiles) character file.

Game seed: 10125333713525408987

4 Spectrina the Magician (level 1, 0/15 HPs)
             Began as a Djinni Necromancer on Aug 17, 2021.
             Frozen to death by an endoplasm (3 damage)
             ... on level 1 of the Dungeon.
             The game lasted 00:01:07 (52 turns).

Spectrina the Magician (Djinni Necromancer)           Turns: 52, Time: 00:01:08

Health: 0/15       AC:  2    Str:  7    XL:     1   Next: 66%
Gold:   0          EV: 12    Int: 16    God:
                   SH:  0    Dex: 13

rFire    + + .     SeeInvis .   (no weapon)
rCold    x . .     Faith    .   (no shield)
rNeg     . . .     Spirit   .   a - +0 robe
rPois    ∞         Reflect  .   (no helmet)
rElec    .         Harm     .   (no cloak)
rCorr    .         Rampage  .   (no gloves)
Will     .....                  (boots unavailable)
Stlth    ++........             (no amulet)
HPRegen  0.05/turn              (no ring)
MPRegen  0.00/turn              (no ring)

@: flying
A: sickness immunity, fire resistance 2, cold vulnerability 1, float, innate
caster, hp casting, extra vitality 1
a: no special abilities


You were on level 1 of the Dungeon.
You visited 1 branch of the dungeon, and saw 2 of its levels.

Inventory:

Armour
 a - a +0 robe (worn)
Scrolls
 b - a scroll of identify {unknown}


   Skills:
 - Level 2.1 Dodging
 - Level 1.5 Stealth
 + Level 3.4 Spellcasting


You couldn't memorise any spells.
You knew the following spells:

 Your Spells              Type           Power      Damage    Failure   Level
a - Pain                  Necr           52%        1d6       4%          1
b - Animate Skeleton      Necr           26%        N/A       4%          1
c - Vampiric Draining     Necr           6%         2d6       13%         3
d - Animate Dead          Necr           6%         N/A       41%         4
e - Agony                 Necr           13%        N/A       77%         5
Your spell library was empty.

Dungeon Overview and Level Annotations

Branches:
Dungeon (2/15)

Altars:


Innate Abilities, Weirdness & Mutations

You are immune to sickness and miasma.
You are immune to poison.
Your flesh is very heat resistant. (rF++)
You are vulnerable to cold. (rC-)
You float through the air rather than walking.
You learn spells naturally, not from books.
Your magical power is your life essence.
You have superior vitality. (+4 HP)


Message History

The hobgoblin writhes in agony.
* * * LOW HITPOINT WARNING * * *
Unknown command.
Casting: Pain (safe; 4% risk of failure)
Confirm with . or Enter, or press ? or * to list all spells.
Aiming: Pain (safe; 4% risk of failure)
Press: ? - help, Shift-Dir - straight line, p - hobgoblin The hobgoblin writhes in agony.
You kill the hobgoblin!
* * * LOW HITPOINT WARNING * * *
Unknown command.
Unknown command.
Saving game... please wait.
Welcome back, Spectrina the Djinni Necromancer.
Press ? for a list of commands and other information.
There is an open door here.
An endoplasm comes into view.
An endoplasm comes into view.
You see here a scroll labelled OQOEMY HENWI.
Unknown command.
b - a scroll labelled OQOEMY HENWI The endoplasm quivers.
You see here a +0 short sword.
There is a stone staircase leading down here.
You fly downwards. 2 jackals and a goblin come into view.
The goblin is wielding a +1 dagger of venom.
Found a scroll labelled OQOEMY HENWI.
There is a stone staircase leading up here.
Unknown command.
The jackal barks!
The goblin shouts!
The jackal barely misses you. x2
You fly upwards.
There is a stone staircase leading down here.
Press: ? - help, v - describe, . - travel
Here: an endoplasm The floor.
The endoplasm freezes you.
You are frozen.
You feel a terrible chill!
You die...

....... .. ....... .#
#####.....####># ##≈≈≈##
......#.###### ##≈≈P≈≈##
#.#..........
##≈≈≈†≈≈≈###.......#....
#≈≈P.8.P≈≈###.).........
..#≈≈.....≈≈###J.......#..
..8≈.......≈8.@...........
.+.P8.<.8P.'.#...>...####
#.8≈.......≈8###......#
..#≈≈.....≈≈## #......#
#≈≈P.8.P≈≈# #.......#
##≈≈≈.≈≈≈###..#.#####
##≈≈P≈≈##...##.#
##≈≈≈##.... ... ##### ...#
..#


You could see an endoplasm.

Vanquished Creatures
  2 hobgoblins (D:1)
  A kobold (D:1)
  A rat (D:1)
4 creatures vanquished.

Notes
Turn   | Place    | Note
-------+----------+-------------------------------------------
     0 | D:1      | Spectrina the Djinni Necromancer began the quest for the
                  | Orb.
     0 | D:1      | Reached XP level 1. HP: 15/15 MP: 0/0
    52 | D:1      | Frozen to death by an endoplasm

Illustrated notes

Levels and vault maps discovered:
D:1:      lightli_arrival_statuegarden, layout_rooms,
          chequers_serial_rivers_marsh, kennysheep_flooded_box, grunt_decor_cap
D:2:      layout_loops_ring, serial_shops, shop, shop, nicolae_shop_statue_plus,
          minmay_misc_feat_rugged, uniq_terence

Action                   || total
-------------------------++-------
 Cast: Pain              ||     7
Dodge: Dodged            ||     2
